Map: 机械城 - 天梯版

Players

MeomaikA - Winner!

  • Race: Zerg Zerg
  • League: Bronze

Crimson

  • Race: Zerg Zerg
  • League: Master

Event: WESG 2018 Grand Finals

VOD

Have the link to the VOD?

Description

Time

  • Played on: March 11, 2019, 2:50 a.m.
  • Length: 11:41

All games in this series

Show
View Real Time Build Order
Export as new Build Order

MeomaikA Zerg - Winner!

Build Orders: Pool First 

Get SALT Encoding   

  12  0:00  Drone  
  13  0:08  Drone  
  14  0:17  Overlord  
  14  0:24  Drone, Extractor  
  15  0:36  Drone x2  
  17  0:46  Spawning Pool  
  17  0:49  Drone  
  17  1:10  Hatchery  
  16  1:12  Drone  
  16  1:15  Extractor  
  16  1:17  Drone  
  17  1:21  Drone  
  18  1:32  Queen  
  20  1:34  Drone  
  21  1:41  Overlord  
  21  1:51  Drone  
  22  2:00  Drone  
  23  2:08  Queen  
  25  2:10  Zergling x2  
  25  2:15  Metabolic Boost  
  26  2:21  Queen  
  26  2:22  Zergling x2  
  29  2:25  Drone  
  30  2:32  Drone  
  30  2:33  Drone  
  32  2:37  Baneling Nest  
  32  2:41  Drone  
  32  2:43  Drone  
  33  2:46  Drone  
  34  2:52  Drone x2  
  34  2:57  Overlord  
  36  3:02  Overlord  
  35  3:12  Extractor  
  34  3:13  Zergling x2  
  34  3:14  Zergling x2, Extractor  
  34  3:17  Spine Crawler  
  36  3:20  Zergling x4  
  36  3:22  Zergling x2  
  36  3:26  Zergling x2  
  40  3:29  Zergling x6  
  40  3:32  Zergling x2  
  45  3:38  Zergling x2  
  45  3:41  Zergling x2  
  33  3:44  Zergling x2  
  33  3:49  Drone  
  33  3:53  Baneling x2  
  32  4:00  Drone  
  32  4:01  Zergling x2  
  31  4:04  Drone  
  31  4:08  Drone  
  33  4:12  Baneling x2  
  33  4:17  Zergling x2  
  34  4:18  Baneling  
  34  4:22  Zergling x2  
  33  4:31  Zergling x2  
  33  4:34  Drone x3  
  34  4:42  Zergling x4  
  34  4:43  Zergling x2  
  37  4:50  Baneling x2, Drone  
  39  4:52  Drone  
  39  4:56  Drone  
  40  5:00  Drone  
  40  5:01  Drone  
  40  5:05  Drone  
  40  5:06  Drone  
  44  5:10  Drone  
  44  5:12  Drone  
  46  5:16  Drone  
  47  5:26  Zergling x8  
  47  5:28  Zergling x2  
  52  5:31  Overlord  
  52  5:42  Zergling x4  
  51  5:46  Overlord  
  51  5:47  Spine Crawler  
  51  5:48  Roach Warren  
  51  5:49  Baneling x2  
  49  5:54  Drone  
  49  5:55  Drone x2  
  49  5:56  Drone  
  53  6:01  Drone x2  
  53  6:02  Drone  
  56  6:07  Drone x2  
  56  6:08  Zergling x2  
  55  6:18  Zergling x2  
  55  6:19  Drone  
  55  6:21  Extractor  
  55  6:22  Extractor  
  55  6:24  Zergling x2  
  56  6:27  Drone  
  56  6:30  Drone x2, Hatchery  
  58  6:33  Drone  
  58  6:37  Lair  
  59  6:41  Zergling x4  
  59  6:45  Zergling x2  
  59  6:47  Drone  
  63  6:48  Drone  
  63  6:52  Drone x2, Extractor  
  63  6:53  Drone  
  59  7:03  Queen  
  59  7:05  Drone x3  
  59  7:07  Drone x2  
  66  7:11  Zergling x2  
  66  7:14  Baneling x2  
  67  7:16  Zergling x2  
  67  7:18  Overlord  
  67  7:19  Baneling x3  
  68  7:29  Overlord  
  67  7:33  Overlord  
  66  7:41  Roach x2, Glial Reconstitution  
  66  7:42  Roach x3  
  76  7:44  Roach  
  76  7:51  Spawning Pool  
  77  7:53  Spire  
  77  7:55  Roach  
  77  7:57  Roach  
  80  8:00  Roach  
  80  8:02  Roach  
  80  8:03  Drone  
  84  8:06  Drone  
  84  8:07  Extractor  
  84  8:08  Extractor  
  84  8:09  Drone x2  
  84  8:10  Drone  
  86  8:13  Drone  
  87  8:20  Roach  
  87  8:21  Roach  
  87  8:23  Roach x2  
  87  8:24  Roach  
  87  8:27  Overlord  
  92  8:36  Drone x5  
  92  8:37  Drone  
  92  8:39  Overlord  
  98  8:43  Overlord  
  98  9:06  Mutalisk  
  98  9:07  Mutalisk x7  
  98  9:09  Mutalisk  
  116  9:13  Zerg Flyer Weapons Level 1  
  116  9:15  Mutalisk  
  118  9:18  Mutalisk  
  118  9:20  Mutalisk  
  118  9:23  Overlord  
  122  9:26  Overlord  
  122  9:43  Mutalisk x3  
  122  9:44  Mutalisk  
  130  9:46  Mutalisk  
  130  9:52  Hatchery  
  131  9:54  Mutalisk  
  131  9:57  Mutalisk  
  135  10:01  Roach  
  137  10:09  Mutalisk  
  137  10:12  Mutalisk  
  137  10:14  Overlord x3, Zergling x10  
  134  10:17  Mutalisk  
  134  10:23  Overlord x2  
  134  10:24  Zergling x2  
  134  10:27  Mutalisk  
  134  10:28  Roach  
  137  10:30  Roach  
  137  10:35  Spine Crawler, Roach  
  134  10:37  Roach  
  131  10:43  Roach, Mutalisk  
  131  10:46  Roach  
  131  10:49  Roach  
  138  10:51  Roach  
  138  10:55  Roach x2  
  144  10:57  Roach  
  144  10:59  Roach  
  144  11:01  Drone  
  149  11:08  Roach  
  149  11:10  Roach  
  153  11:17  Roach x2  
  153  11:18  Roach  
  159  11:19  Roach  
Show
View Real Time Build Order
Export as new Build Order

Crimson Zerg 

Build Orders: Pool First, Zergling Baneling 

Get SALT Encoding   

  12  0:00  Drone  
  13  0:12  Overlord  
  13  0:17  Drone  
  14  0:30  Drone x2  
  14  0:34  Drone  
  17  0:43  Extractor  
  17  0:49  Spawning Pool  
  15  0:51  Drone  
  15  0:55  Drone  
  17  1:18  Hatchery  
  16  1:22  Drone  
  17  1:36  Zergling x4  
  19  1:43  Metabolic Boost  
  19  1:48  Queen  
  21  1:55  Overlord  
  21  2:13  Baneling Nest, Drone  
  21  2:16  Drone  
  21  2:18  Zergling x2  
  23  2:24  Zergling x2  
  24  2:32  Zergling x2  
  24  2:36  Zergling x2  
  26  2:41  Zergling x2  
  27  2:47  Zergling x2  
  27  2:53  Zergling x2  
  27  2:57  Zergling x6  
  31  3:04  Zergling x2  
  32  3:08  Queen  
  32  3:09  Overlord  
  34  3:15  Baneling x2  
  34  3:17  Zergling x2  
  35  3:20  Baneling x2  
  35  3:21  Baneling  
  35  3:26  Zergling x2  
  36  3:34  Zergling x6  
  37  3:39  Zergling x2  
  35  3:43  Zergling x2  
  34  3:56  Zergling x6  
  34  4:02  Zergling x2  
  32  4:03  Baneling x2  
  32  4:09  Baneling x2  
  32  4:10  Baneling  
  32  4:11  Baneling  
  32  4:12  Drone  
  32  4:14  Zergling x2  
  30  4:38  Drone x3  
  31  4:49  Drone x5  
  31  4:52  Baneling x2  
  35  4:58  Drone  
  36  5:02  Zergling x4  
  36  5:07  Zergling x6  
  40  5:15  Zergling x2  
  40  5:16  Zergling x4  
  40  5:20  Baneling x3  
  42  5:25  Baneling  
  42  5:26  Baneling  
  42  5:28  Zergling x4  
  43  5:40  Baneling  
  43  5:43  Drone  
  43  5:44  Overlord  
  43  5:50  Overlord  
  43  5:53  Baneling x2  
  43  5:54  Drone  
  44  6:00  Hatchery  
  42  6:09  Zergling x6  
  42  6:10  Drone x3  
  42  6:13  Drone  
  41  6:19  Drone  
  41  6:25  Extractor  
  40  6:26  Roach Warren, Drone x3  
  40  6:30  Drone  
  43  6:33  Zergling x2  
  43  6:35  Baneling x3  
  43  6:39  Drone x2  
  47  6:40  Drone  
  47  6:41  Baneling x2  
  47  6:42  Zergling x2  
  48  6:48  Zergling x4  
  50  6:54  Zergling x4  
  50  6:55  Zergling x2  
  52  7:09  Drone x4, Hatchery  
  52  7:10  Extractor  
  52  7:11  Lair  
  52  7:12  Drone  
  52  7:13  Drone x2  
  57  7:15  Evolution Chamber  
  56  7:27  Drone x2  
  56  7:28  Drone  
  55  7:43  Zerg Missile Weapons Level 1  
  55  7:46  Drone  
  54  7:58  Overlord  
  54  7:59  Overlord  
  54  8:03  Drone x2  
  54  8:05  Roach x2  
  59  8:06  Overlord  
  59  8:13  Overlord  
  58  8:20  Roach x2  
  58  8:21  Roach x3  
  58  8:25  Roach x2  
  70  8:32  Roach  
  70  8:33  Roach x2  
  74  8:34  Queen  
  74  8:37  Glial Reconstitution  
  74  8:40  Roach x2, Extractor  
  74  8:41  Roach x3, Overseer  
  85  8:44  Overseer  
  85  8:49  Drone  
  85  8:50  Drone x3  
  85  8:54  Roach x3  
  95  9:05  Roach  
  95  9:06  Overlord  
  95  9:07  Overlord  
  97  9:10  Overlord  
  97  9:13  Overlord  
  97  9:18  Overlord  
  97  9:28  Roach x6  
  109  9:31  Roach  
  109  9:37  Roach x2  
  115  9:39  Roach x5  
  115  9:45  Roach x3  
  131  9:50  Roach  
  131  9:51  Roach x2  
  137  9:57  Spore Crawler  
  137  9:58  Spore Crawler  
  135  10:00  Spore Crawler  
  135  10:04  Roach x2  
  136  10:12  Roach x3  
  132  10:14  Roach  
  132  10:21  Drone x4  
  124  10:28  Queen  
  108  10:30  Roach  
  92  10:46  Roach x5  
  90  10:51  Queen  
  90  10:53  Extractor  
  90  10:55  Roach  
  81  10:58  Queen  
  81  11:01  Spore Crawler  
  82  11:09  Spore Crawler, Drone x3  
  84  11:12  Spore Crawler  
  84  11:13  Spore Crawler, Drone  
  84  11:14  Drone  
  84  11:20  Overlord  
  77  11:34  Spore Crawler  
Tags
 
Add a new tag
Caveats
  • Supply blocks, unpowered buildings, or Contaminate may cause inaccurate times.
  • Supply counts are checked every 10 seconds.